 Dungeon Crawl Stone Soup version 0.31-a0-204-g7da18cac08 (webtiles) character file.

Game seed: 9864709848745539259

329 qw the Skirmisher (level 6, -7/34 HPs)
             Began as a Deep Elf Hunter on June 27, 2023.
             Mangled by Pikel
             ... wielding a +2 whip of flaming
              (8 damage)
             ... on level 4 of the Dungeon.
             The game lasted 00:00:49 (2800 turns).

qw the Skirmisher (Deep Elf Hunter)                 Turns: 2800, Time: 00:00:49

Health: -7/34      AC:  7    Str:  9 (10) XL:     6   Next: 25%
Magic:  8/8        EV: 10    Int: 11 (14) God:
Gold:   144        SH:  0    Dex: 16 (18) Spells: 5/5 levels left

rFire   . . .        Y - +1 shortbow
rCold   + . .        (shield currently unavailable)
rNeg    . . .        k - +0 ring mail
rPois   .            g - +0 helmet
rElec   .            (no cloak)
rCorr   .            (no gloves)
SInv    .            e - +0 pair of boots
Will    .....        b - amulet of faith
Stlth   +            (no ring)
HPRegen 0.25/turn    (no ring)
MPRegen 0.11/turn

%: faith
@: no status effects
A: cold resistance 1, passive freeze
a: no special abilities


You were on level 4 of the Dungeon.
You visited 1 branch of the dungeon, and saw 4 of its levels.

You collected 144 gold pieces.


Innate Abilities, Weirdness & Mutations

Your flesh is cold resistant. (rC+)
A frigid envelope surrounds you and freezes all who hurt you.


   Skills:
 + Level 1.6 Fighting
 - Level 10.0 Ranged Weapons
 - Level 2.4 Dodging
 - Level 1.2 Stealth


You had 5 spell levels left.
You didn't know any spells.
Your spell library was empty.

Inventory:

Hand Weapons
 Y - a +1 shortbow (weapon)
Armour
 e - a +0 pair of boots (worn)
 g - a +0 helmet (worn)
 k - a +0 ring mail (worn)
Jewellery
 b - an amulet of faith (around neck)
Potions
 d - a potion of enlightenment {unknown}
 f - 2 potions of curing
 h - a potion of mutation

Dungeon Overview and Level Annotations

Branches:
Dungeon (4/15)
 Temple: D:4-7

Altars:

Shops:
D:3 (

Annotations:
D:4 Pikel


Message History

The lemure is heavily wounded.
A lemure comes into view.
You shoot an arrow.
The arrow hits the lemure but does no damage.
The lemure is heavily wounded.
The lemure hits you.
You shoot an arrow. The arrow hits the lemure.
The lemure is heavily wounded.
The lemure hits you.
The lemure is very cold.
The lemure is severely wounded.
A lemure comes into view.
You shoot an arrow. The arrow closely misses the lemure.
The lemure hits you!
The lemure is very cold.
You kill the lemure!
That felt strangely unrewarding.
You shoot an arrow. The arrow barely misses the lemure.
The lemure barely misses you.
A lemure comes into view.
You shoot an arrow. The arrow closely misses Pikel.
The lemure closely misses you.
Pikel hits you with a +2 whip of flaming.
Pikel burns you.
Pikel is very cold.
Pikel is moderately wounded.
You shoot an arrow. The arrow closely misses Pikel.
The lemure hits you but does no damage.
The lemure is very cold.
The lemure is moderately wounded.
Pikel hits you with a +2 whip of flaming.
Pikel burns you.
Pikel is very cold.
Pikel is moderately wounded.
You shoot an arrow. The arrow hits Pikel!
Pikel is heavily wounded.
The lemure hits you.
The lemure is very cold.
The lemure is heavily wounded.
Pikel closely misses you. The lemure barely misses you.
You shoot an arrow. The arrow barely misses Pikel.
The lemure hits you.
The lemure is very cold.
The lemure is severely wounded.
Pikel says, "I'm sure they'll be treated well, anyway."
Pikel hits you with a +2 whip of flaming!
You die...

... ##..# ## #...## .
..... #.#...
#.#5.####.#
#.55K.....# ##@## .#
#+# ##...##.# #.#
#.....#.# #.#
#.......# ##.##
#...>...# ##...##
##...#..# #..<..#
##.##%.#
####...#######..^..#
.............#####.##


You could see Pikel and 3 lemures.

Vanquished Creatures
  Grinder (D:3)
  A lemure (D:4)
  Jessica (D:2)
  An orc wizard (D:3)
  Robin (D:2)
  An adder (D:2)
  A worm (D:4)
  3 dart slugs
  4 orcs (D:3)
  3 endoplasms
  5 giant cockroaches
  8 goblins
  7 hobgoblins
  2 jackals (D:2)
  2 quokkas
  5 ball pythons
  6 bats
  5 frilled lizards
  7 kobolds
  6 rats
70 creatures vanquished.

Notes
Turn   | Place    | Note
-------+----------+-------------------------------------------
     0 | D:1      | qw the Deep Elf Hunter began the quest for the Orb.
     0 | D:1      | Reached XP level 1. HP: 12/12 MP: 3/3
     0 | D:1      | 0 ||| qw: Version: 0.3-a-22-g0ed2b0b
     0 | D:1      | 0 ||| qw: Game counter: 6495
     0 | D:1      | 0 ||| qw: Melee chars always use a shield: true
     0 | D:1      | 0 ||| qw: God list: Okawaru
     0 | D:1      | 0 ||| qw: Allow faded altars: false
     0 | D:1      | 0 ||| qw: Do Orc after clearing Dungeon:15 true
     0 | D:1      | 0 ||| qw: Do second Lair branch before Depths: true
     0 | D:1      | 0 ||| qw: Lair rune preference: random
     0 | D:1      | 0 ||| qw: Goals: Normal
     0 | D:1      | 0 ||| PLANNING D:1-11
   156 | D:1      | Found a faded altar of an unknown god.
   266 | D:1      | Reached skill level 6 in Ranged Weapons
   266 | D:1      | Reached XP level 2. HP: 16/16 MP: 4/4
   786 | D:1      | 786 ||| UPGRADING to +0 pair of boots.
   791 | D:1      | 791 ||| READING scroll labelled FUPROE JUHOB.
   792 | D:1      | 792 ||| DROPPING scroll of butterflies.
   819 | D:2      | 819 ||| STAIRDANCE
   868 | D:2      | Reached XP level 3. HP: 20/20 MP: 5/5
  1009 | D:2      | Reached skill level 7 in Ranged Weapons
  1050 | D:2      | Noticed Jessica
  1052 | D:2      | 1052 ||| FLEEEEING.
  1057 | D:2      | Killed Jessica
  1058 | D:2      | Reached XP level 4. HP: 25/25 MP: 6/6
  1117 | D:2      | Noticed Robin
  1130 | D:2      | HP: 6/25 [hobgoblin[Robin] (5)]
  1136 | D:2      | HP: 4/25 [goblin/+0 club[Robin] (3)]
  1141 | D:2      | Killed Robin
  1588 | D:2      | 1588 ||| UPGRADING to +0 helmet.
  1593 | D:2      | 1593 ||| UPGRADING to amulet of faith.
  1598 | D:2      | 1598 ||| READING scroll labelled MOODGH VEFEPP.
  2014 | D:3      | Found Kixuhae's Weapon Boutique.
  2052 | D:3      | Reached skill level 8 in Ranged Weapons
  2268 | D:3      | Reached XP level 5. HP: 21/29 MP: 7/7
  2455 | D:3      | Noticed Grinder
  2465 | D:3      | Killed Grinder
  2466 | D:3      | Reached skill level 10 in Ranged Weapons
  2466 | D:3      | Reached XP level 6. HP: 23/34 MP: 8/8
  2603 | D:3      | 2603 ||| UPGRADING to +0 scale mail.
  2613 | D:3      | 2613 ||| DROPPING +0 leather armour.
  2614 | D:3      | 2614 ||| UPGRADING to +0 ring mail.
  2624 | D:3      | 2624 ||| DROPPING +0 scale mail.
  2625 | D:3      | 2625 ||| READING scroll labelled ATAEF XOBISO.
  2626 | D:3      | 2626 ||| DRINKING 2 fuming puce potions.
  2627 | D:3      | 2627 ||| DRINKING 2 bubbling dark potions.
  2627 | D:3      | Gained mutation: A frigid envelope surrounds you and
                  | freezes all who hurt you. [potion of mutation]
  2627 | D:3      | Gained mutation: Your flesh is cold resistant. (rC+)
                  | [potion of mutation]
  2628 | D:3      | 2628 ||| DROPPING potion of degeneration.
  2792 | D:4      | Noticed Pikel
  2799 | D:4      | HP: 6/34 [lemure[Pikel] (4)]
  2800 | D:4      | HP: 1/34 [lemure[Pikel] (5)]
  2800 | D:4      | Mangled by Pikel

Levels and vault maps discovered:
D:1:      sevenhm_arrival_forest_fort_large_3, layout_basic,
          basic_ecumenical_altar, dreamdust_wishing_well, st_stairs_9
D:2:      layout_loops_ring, uniq_robin, uniq_jessica
D:3:      layout_basic, serial_shops, shop, minmay_box_of_dots, uniq_grinder
D:4:      layout_loops_corners, minmay_divided_ellipse, uniq_pikel

Skill      XL: |  1  2  3  4  5 |
---------------+----------------+-----
Ranged Weapons | 6 7 8 10 | 10.0
Fighting       | |  1.6
Dodging        | |  2.4
Stealth        | |  1.2

Action                     |  1- 3 |  4- 6 || total
---------------------------+-------+-------++-------
   Fire: Shortbow          |    75 |    94 ||   169
    Use: Scroll            |     1 |     2 ||     3
         Potion            |       |     2 ||     2
 Armour: Leather armour    |     3 |    14 ||    17
         Ring mail         |       |     2 ||     2
  Dodge: Dodged            |    11 |    22 ||    33

Table legend:
 A = Non-vault XP
 B = Vault XP
 C = Vault XP percentage of total XP
 D = Non-vault monster count
 E = Vault monster count
 F = Vault count percentage of total count
                 A         B        C        D         E       F
            +---------+---------+-------+---------+---------+-------
      Total |     143 |     327 |  69.6 |      55 |      14 |  20.3
            +---------+---------+-------+---------+---------+-------
        D:1 |      32 |       4 |  11.1 |      22 |       2 |   8.3
        D:2 |      36 |      63 |  63.6 |      13 |       8 |  38.1
        D:3 |      70 |     260 |  78.8 |      19 |       4 |  17.4
        D:4 |       5 |       0 |   0.0 |       1 |       0 |   0.0
            +---------+---------+-------+---------+---------+-------
